 Dungeon Crawl Stone Soup version 0.25.1-9-gc5326a611f (webtiles) character file.

Game seed: 16794492473347917886

84070 hawla the Eclecticist (level 15, -6/139 HPs)
             Began as a White Draconian Conjurer on Dec 28, 2020.
             Was a High Priest of Vehumet.
             Shot with a bolt by a naga sharpshooter (15 damage)
             ... on level 1 of the Snake Pit.
             The game lasted 01:48:39 (30426 turns).

hawla the Eclecticist (White Draconian Conjurer)   Turns: 30426, Time: 01:48:42

Health: -6/139     AC: 27    Str: 10    XL:     15   Next: 34%
Magic:  1/34       EV:  2    Int: 30    God:    Vehumet [*****.]
Gold:   1541       SH:  8    Dex: 12    Spells: 12/44 levels left

rFire    + + .     SeeInvis .   z - staff of cold
rCold    + + .     Gourm    .   P - +3 buckler {reflect}
rNeg     + + +     Faith    .   (armour unavailable)
rPois    +         Spirit   .   (helmet currently unavailable)
rElec    +         Reflect  +   (cloak currently unavailable)
rCorr    +         Harm     .   (gloves currently unavailable)
MR       +....     NoTele   +   (boots currently unavailable)
Stlth    ++........             d - amulet of magic regeneration
HPRegen  0.33/turn              p - ring "Moexkot" {*Contam +Inv rPois rN+ Int+8}
MPRegen  0.49/turn              y - ring of protection from fire

@: mighty, lethally poisoned (-6 -> -8), tree-form, resistant, very slightly
contaminated, invisible
A: (breathe frost), unfitting armour, frail 1, AC +9
a: Renounce Religion


You were on level 1 of the Snake Pit.
You worshipped Vehumet.
Vehumet was extremely pleased with you.
You were not hungry.
You were a tree.
You visited 5 branches of the dungeon, and saw 25 of its levels.
You also visited: Sewer.

You collected 2323 gold pieces.
You spent 782 gold pieces at shops.

Inventory:

Hand Weapons
 k - a +0 short sword of distortion
 K - the +0 staff of Battle
   (You acquired it in the Ecumenical Temple)
Missiles
 i - 22 boomerangs (quivered)
 W - 6 curare-tipped darts
Armour
 e - the +1 hat of Integrity (melded) {Int+2 SInv}
   (You acquired it in the Ecumenical Temple)

   It affects your intelligence (+2).
   It lets you see invisible.
 j - a +1 cloak of preservation (melded)
 u - a +2 pair of gloves (melded)
 P - a +3 buckler of reflection (worn)
Magical Staves
 z - an uncursed staff of cold (weapon)
Jewellery
 d - an amulet of magic regeneration (around neck)
 f - an uncursed ring of stealth
 h - a +6 ring of strength
 l - an uncursed amulet of the acrobat
 p - the ring "Moexkot" (left branch) {*Contam +Inv rPois rN+ Int+8}
   (You found it on level 5 of the Dungeon)

   [ring of positive energy]

   It affects your intelligence (+8).
   It protects you from poison.
   It protects you from negative energy.
   It lets you turn invisible.
   It causes magical contamination when unequipped.
 v - an uncursed ring of wizardry {unknown}
 w - an uncursed ring of protection from cold
 y - a ring of protection from fire (right branch)
 C - an uncursed ring of positive energy
 M - a +6 ring of dexterity
Wands
 r - a wand of iceblast (17)
 B - a wand of flame (65)
 H - a wand of acid (5)
 L - a wand of disintegration (13)
Scrolls
 m - 2 scrolls of magic mapping
 q - a scroll of teleportation
 s - a scroll of identify
 t - a scroll of amnesia
Potions
 a - a potion of heal wounds
 c - 2 potions of flight
 g - 2 potions of haste
 n - 2 potions of curing
 o - 2 potions of brilliance
 D - 3 potions of berserk rage
 J - 2 potions of invisibility
 N - 2 potions of might
 R - a potion of cancellation
 U - a potion of resistance
Comestibles
 b - 46 rations


   Skills:
 - Level 2.0 Fighting
 - Level 12.3 Staves
 + Level 2.7 Dodging
 - Level 2.0 Stealth
 - Level 4.0 Shields
 + Level 15.4 Spellcasting
 - Level 10.0 Conjurations
 - Level 7.3 Hexes
 - Level 3.0 Charms
 - Level 6.0 Translocations
 - Level 3.0 Transmutations
 + Level 9.8 Ice Magic
 - Level 5.0 Evocations


You had 12 spell levels left.
You knew the following spells:

 Your Spells              Type           Power        Failure   Level  Hunger
a - Magic Dart            Conj           ####         1%          1    None
b - Searing Ray           Conj           ######       1%          2    None
c - Iskenderun's Mystic   Conj/Tloc      ######..     1%          4    None
d - Metabolic Englaciati  Hex/Ice        #######...   1%          5    None
e - Irradiate             Conj/Tmut      ######....   1%          5    None
f - Hailstorm             Conj/Ice       #######.     1%          4    None
g - Iskenderun's Battles  Conj/Chrm      ######..     1%          5    None
h - Ozocubu's Refrigerat  Ice            #######...   1%          6    ###....

Your spell library contained the following spells:

 Spells                   Type           Power        Failure   Level  Hunger
 Fireball                 Conj/Fire      ######....   1%          5    None
 Animate Skeleton         Necr           N/A          1%          1    None
 Pain                     Necr           ###.         1%          1    None
 Sandblast                Erth           ###...       1%          1    None
 Passwall                 Tmut/Erth      ####....     1%          2    None
 Confusing Touch          Hex            ######..     1%          3    None
 Dazzling Flash           Conj/Hex       ######       1%          3    None
 Gell's Gravitas          Tloc           ######....   1%          3    None
 Stone Arrow              Conj/Erth      ######       1%          3    None
 Fulminant Prism          Conj/Hex       ######....   1%          4    None
 Yara's Violent Unravell  Hex/Tmut       ######....   1%          5    None
 Vampiric Draining        Necr           ###.......   6%          3    None
 Petrify                  Tmut/Erth      ####....     11%         4    None
 Lee's Rapid Deconstruct  Erth           ###.......   16%         5    None
 Animate Dead             Necr           N/A          21%         4    None
 Agony                    Necr           ###.....     50%         5    None


Dungeon Overview and Level Annotations

Branches:
Dungeon (15/15)            Temple (1/1) D:4            Lair (6/6) D:8
 Shoals (0/4) Lair:4        Snake (1/4) Lair:4        Slime (0/5) Lair:5
    Orc (2/2) D:9             Elf (0/3) Orc:2        Vaults (0/5) D:13
  Sewer (visited)
 Depths: D:15

Altars:
Ashenzari
Cheibriados
Dithmenos
Elyvilon
Fedhas
Gozag
Hepliaklqana
Kikubaaqudgha
Makhleb
Nemelex Xobeh
Okawaru
Qazlal
Ru
Sif Muna
Trog
Uskayaw
Vehumet
Wu Jian
Xom
Yredelemnul
Zin
The Shining One
Beogh

Shops:
D:4 :   D:12 (   Orc:1 %   Orc:2 *%(*

Annotations:
Lair:2 Oklob.
Lair:3 Oklob.
Lair:5 Oklobs.
Orc:2 1 runed translucent door, Oklob., hehateme's ghost, journeyman HOFi


Innate Abilities, Weirdness & Mutations

((You can breathe waves of freezing cold.))
((You can buffet flying creatures when you breathe cold.))
((Your icy white scales are hard. (AC +9)))
You cannot fit into any form of body armour.
((Your flesh is cold resistant. (rC+)))
((You are cold-blooded and may be slowed by cold attacks.))
((You have sharp fingernails.))
((You have a pair of small horns on your head.))
((Your tail ends in a poisonous barb.))
You are frail. (-10% HP)


Message History

The naga is knocked back by the mystic blast.
You feel sick.
The naga sharpshooter spits poison at you.
The splash of poison hits you. You resist.
* * * LOW HITPOINT WARNING * * *
Okay, then.
Okay, then.
Casting: Iskenderun's Mystic Blast (safe; 1% risk of failure)
Confirm with . or Enter, or press ? or * to list all spells.
Aiming: Searing Ray (safe; 1% risk of failure)
Press: ? - help, Shift-Dir - straight line, f/p - naga sharpshooter
Aim: a naga sharpshooter, wielding a +0 arbalest, quivering 8 bolts and carrying a wand of paralysis (4) (heavily wounded, catching its breath)
The searing ray hits the naga sharpshooter!
The naga sharpshooter is severely wounded. (Press . to maintain the ray.)
You feel sick. The naga spits poison at you.
The splash of poison hits you but does no damage.
You resist.
The naga sharpshooter shoots a bolt.
The bolt hits you!
You die...

.. #.#
.###..#
#.....#
#.....#
#.....####
#.N....(..
#...NN####
#.)(..#
#.♣...#
#######


You could see a naga sharpshooter and 2 nagas.

Vanquished Creatures
  An ironheart preserver (D:13)
  Snorg (Lair:6)
  2 ettins
  Harold (Orc:1)
  2 ogre magi (Orc:2)
  2 naga warriors (Snake:1)
  8 hydras
  Erolcha (Orc:1)
  An anaconda (Snake:1)
  A merfolk avatar (Lair:6)
  11 two-headed ogres
  4 death yaks (Lair:2)
  A tengu warrior (D:14)
  A shock serpent (Snake:1)
  Nergalle (Lair:3)
  Sonja (Orc:1)
  2 deep trolls (Orc:2)
  2 unseen horrors
  A naga ritualist (Snake:1)
  An orc sorcerer (Orc:2)
  2 deep elf magi
  2 harpies (Lair:6)
  An orc knight (Orc:2)
  An ugly thing (D:13)
  6 cyclopes
  3 manticores
  5 oklob plants
  2 centaur zombies
  A merfolk siren (Lair:4)
  Maurice (Orc:1)
  A naga mage (Snake:1)
  2 elephants (Lair:6)
  13 black mambas
  A torpor snail (Lair:6)
  7 spiny frogs
  A gargoyle (D:13)
  Psyche (D:9)
  2 kobold demonologists (D:12)
  5 rime drakes
  9 komodo dragons
  4 polar bears
  15 trolls
  A wind drake (Lair:6)
  15 blink frogs
  A harpy skeleton (D:14)
  Grinder (D:6)
  Prince Ribbit (D:7)
  5 dream sheep (Lair:4)
  6 hippogriffs
  A shadow (D:11)
  6 wyverns
  38 yaks
  3 basilisks
  A steam dragon (D:10)
  3 wargs
  8 nagas (Snake:1)
  10 water moccasins
  A soldier ant (D:12)
  9 porcupines
  9 orc warriors
  6 ice beasts
  10 sky beasts
  A black bear (D:13)
  A necrophage (D:13)
  32 ogres
  2 eyes of draining
  5 phantoms
  9 centaurs
  4 wolves (Lair:2)
  17 crocodiles
  7 big kobolds
  13 bullfrogs
  A wyvern zombie (D:14)
  A wyvern skeleton (D:13)
  4 scorpions
  10 killer bees
  5 wights (D:14)
  7 howler monkeys
  An electric eel (Lair:1)
  6 crimson imps
  2 bullfrog zombies
  11 orc priests
  Crazy Yiuf (D:4)
  14 hounds
  17 orc wizards
  A quasit (D:12)
  5 bullfrog skeletons
  4 jellies
  4 centaur skeletons
  5 iguanas
  Natasha (twice) (D:3)
  11 worker ants
  A hound skeleton (D:6)
  Robin (D:3)
  10 gnolls
  A howler monkey skeleton (D:5)
  13 adders
  6 river rats
  3 shadow imps
  16 oozes
  An adder skeleton (D:8)
  An adder zombie (D:6)
  2 dart slugs
  4 worms
  8 leopard geckos
  57 orcs
  5 ball pythons
  4 bats
  6 giant cockroaches
  18 goblins
  4 hobgoblins
  14 jackals
  3 quokkas
  12 frilled lizards
  A jackal skeleton (D:6)
  31 kobolds
  A quokka skeleton (D:5)
  A quokka zombie (D:6)
  22 rats
  12 fungi
  9 plants
735 creatures vanquished.

Vanquished Creatures (others)
  A bush (Lair:2)
  20 fungi
  22 plants
43 creatures vanquished.

Grand Total: 778 creatures vanquished

Notes
Turn   | Place    | Note
-------+----------+-------------------------------------------
     0 | D:1      | hawla the Draconian Conjurer began the quest for the Orb.
     0 | D:1      | Reached XP level 1. HP: 14/14 MP: 3/3
   325 | D:1      | Reached XP level 2. HP: 5/20 MP: 0/5
   333 | D:1      | Learned a level 2 spell: Searing Ray
  1545 | D:2      | Reached XP level 3. HP: 20/26 MP: 0/7
  2107 | D:2      | Reached skill level 3 in Spellcasting
  2769 | D:3      | Reached XP level 4. HP: 33/33 MP: 2/8
  2795 | D:3      | Found a glowing drain.
  2807 | D:3      | Reached skill level 5 in Conjurations
  2808 | D:3      | Reached XP level 5. HP: 21/38 MP: 1/10
  2872 | Sewer    | Entered a sewer
  3135 | Sewer    | Reached skill level 4 in Spellcasting
  3309 | Sewer    | Learned a level 4 spell: Iskenderun's Mystic Blast
  3614 | D:3      | Noticed Robin
  3617 | D:3      | Killed Robin
  3633 | D:3      | Reached XP level 6. HP: 45/45 MP: 0/12
  3670 | D:3      | Reached skill level 1 in Translocations
  3705 | D:3      | You fall into a shaft and drop 2 floors!
  3705 | D:5      | Entered Level 5 of the Dungeon
  3706 | D:5      | Noticed a sky beast
  3731 | D:5      | Killed a sky beast
  4324 | D:3      | Noticed Natasha
  4330 | D:3      | Killed Natasha
  4413 | D:3      | Found a white marble altar of Elyvilon.
  4413 | D:3      | Found a hazy altar of Hepliaklqana.
  4710 | D:3      | Noticed Natasha
  4714 | D:3      | Killed Natasha
  4789 | D:4      | Your scales start taking on an icy white colour.
  4789 | D:4      | Reached XP level 7. HP: 50/50 MP: 10/14
  4789 | D:4      | Gained mutation: Your flesh is cold resistant. (rC+) [White
                  | Draconian growth]
  4793 | D:4      | Reached skill level 5 in Spellcasting
  4819 | D:4      | Found Sesom's Book Shop.
  5113 | D:4      | Found a staircase to the Ecumenical Temple.
  5123 | Temple   | Entered the Ecumenical Temple
  5324 | Temple   | Became a worshipper of Vehumet
  5576 | D:4      | Reached XP level 8. HP: 57/57 MP: 6/16
  5743 | D:4      | Found a runed translucent door.
  5744 | D:4      | Noticed Crazy Yiuf
  5752 | D:4      | Killed Crazy Yiuf
  5841 | D:5      | Reached skill level 6 in Spellcasting
  6257 | D:5      | Reached skill level 5 in Translocations
  6388 | D:5      | Got a slimy tin ring
  6389 | D:5      | Identified the ring "Moexkot" {*Contam +Inv rPois rN+
                  | Int+8} (You found it on level 5 of the Dungeon)
  6675 | D:5      | Reached * piety under Vehumet
  6675 | D:5      | Offered knowledge of Foxfire by Vehumet.
  6819 | D:5      | Found a sparkling altar of Nemelex Xobeh.
  7116 | D:6      | Noticed Grinder
  7120 | D:6      | Paralysed by Grinder for 5 turns
  7130 | D:6      | Killed Grinder
  7130 | D:6      | Reached skill level 7 in Spellcasting
  7130 | D:6      | Reached XP level 9. HP: 52/62 MP: 19/19
  7551 | D:6      | Reached ** piety under Vehumet
  7585 | D:6      | Found an ornate altar of the Wu Jian Council.
  7587 | D:6      | Offered knowledge of Shock by Vehumet.
  7590 | D:6      | Reached skill level 8 in Spellcasting
  7621 | D:6      | Noticed a two-headed ogre
  7629 | D:6      | Killed a two-headed ogre
  7959 | D:6      | Found a snail-covered altar of Cheibriados.
  8034 | D:6      | Reached skill level 9 in Spellcasting
  8327 | D:7      | Reached XP level 10. HP: 67/69 MP: 19/23
  8367 | D:7      | Noticed Prince Ribbit
  8372 | D:7      | Killed Prince Ribbit
  8585 | D:7      | Offered knowledge of Ignite Poison by Vehumet.
  8955 | D:8      | Reached skill level 5 in Staves
  8958 | D:8      | Reached *** piety under Vehumet
  9287 | D:8      | Found a staircase to the Lair.
  9574 | D:8      | Offered knowledge of Inner Flame by Vehumet.
  9721 | D:8      | Noticed a two-headed ogre
  9757 | D:8      | Reached skill level 10 in Spellcasting
  9759 | D:8      | Killed a two-headed ogre
 10343 | D:9      | Noticed Psyche
 10354 | D:9      | Killed Psyche
 10745 | D:9      | Found a staircase to the Orcish Mines.
 10897 | D:4      | Bought a book of Misfortune for 280 gold pieces
 10903 | D:4      | Learned a level 5 spell: Metabolic Englaciation
 11018 | D:10     | Entered Level 10 of the Dungeon
 11166 | D:10     | Reached XP level 11. HP: 74/74 MP: 25/25
 11184 | D:10     | Reached **** piety under Vehumet
 11405 | D:10     | Offered knowledge of Irradiate by Vehumet.
 11413 | D:10     | Learned a level 5 spell: Irradiate
 11484 | D:11     | Killed an unseen horror
 11484 | D:11     | Reached skill level 1 in Ice Magic
 11658 | D:11     | Reached skill level 1 in Hexes
 11689 | D:11     | Reached skill level 11 in Spellcasting
 12639 | D:12     | Noticed a two-headed ogre
 12644 | D:12     | Killed a two-headed ogre
 12683 | D:12     | Noticed a two-headed ogre
 12701 | D:12     | Killed a two-headed ogre
 12930 | D:12     | Reached ***** piety under Vehumet
 12930 | D:12     | Offered knowledge of Starburst by Vehumet.
 12986 | D:12     | Reached skill level 5 in Ice Magic
 13320 | D:12     | Killed an unseen horror
 13612 | D:12     | You fall into a shaft and drop 2 floors!
 13629 | D:14     | Reached XP level 12. HP: 61/81 MP: 18/27
 13778 | D:13     | Reached skill level 1 in Shields
 14087 | D:12     | Found Umoar's Antique Weapon Shop.
 14365 | D:13     | Gained mutation: You have sharp fingernails. [potion of
                  | mutation]
 14365 | D:13     | Gained mutation: You have large cloven feet. [potion of
                  | mutation]
 14763 | D:13     | Found a sacrificial altar of Ru.
 15008 | D:13     | Found a gate to the Vaults.
 15008 | D:13     | Noticed an ironheart preserver
 15017 | D:13     | HP: 6/121 [troll (4)]
 15022 | D:13     | HP: 6/121 [gargoyle/stone arrow (15)]
 15025 | D:13     | Reached skill level 5 in Hexes
 15035 | D:13     | Killed an ironheart preserver
 15164 | D:13     | Reached skill level 12 in Spellcasting
 15578 | D:13     | Reached skill level 10 in Staves
 15954 | D:13     | Found a shimmering altar of Xom.
 16476 | D:14     | Noticed a tengu warrior
 16501 | D:14     | Killed a tengu warrior
 16867 | D:14     | Offered knowledge of Hailstorm by Vehumet.
 17065 | D:15     | Entered Level 15 of the Dungeon
 17190 | Lair:1   | Entered Level 1 of the Lair of Beasts
 17432 | Temple   | Identified a scroll of acquirement
 17432 | Temple   | Acquired the +1 hat of Integrity {Int+2 SInv}
 18201 | Lair:1   | Learned a level 4 spell: Hailstorm
 18228 | Lair:1   | Reached XP level 13. HP: 86/86 MP: 23/29
 19466 | Lair:2   | Offered knowledge of Iskenderun's Battlesphere by Vehumet.
 19646 | Lair:1   | Learned a level 5 spell: Iskenderun's Battlesphere
 19689 | Lair:2   | Found a bloodstained altar of Trog.
 19910 | Lair:2   | Reached skill level 13 in Spellcasting
 19914 | Lair:2   | Reached skill level 1 in Charms
 19914 | Lair:2   | Reached skill level 1 in Transmutations
 20535 | Lair:3   | Noticed Nergalle
 20543 | Lair:3   | Killed Nergalle
 20926 | Lair:3   | Found a burning altar of Makhleb.
 21853 | Lair:4   | Found a staircase to the Snake Pit.
 22357 | Lair:4   | Found a staircase to the Shoals.
 23115 | Lair:5   | HP: 3/86 [spiny frog (12)]
 23560 | Lair:5   | Reached skill level 1 in Evocations
 23564 | Lair:5   | Reached XP level 14. HP: 93/93 MP: 11/31
 24243 | Lair:5   | Offered knowledge of Ozocubu's Refrigeration by Vehumet.
 24251 | Lair:5   | Learned a level 6 spell: Ozocubu's Refrigeration
 24398 | Lair:6   | Entered Level 6 of the Lair of Beasts
 24409 | Lair:6   | Noticed Snorg
 24422 | Lair:6   | Killed Snorg
 26151 | Temple   | Acquired the +0 staff of Battle
 26152 | Temple   | Found the +0 staff of Battle
 26178 | Temple   | Lost mutation: You have large cloven feet. [potion of
                  | mutation]
 26178 | Temple   | Gained mutation: Your tail ends in a poisonous barb.
                  | [potion of mutation]
 26178 | Temple   | Gained mutation: You are frail. (-10% HP) [potion of
                  | mutation]
 26178 | Temple   | Gained mutation: You have a pair of small horns on your
                  | head. [potion of mutation]
 26304 | Orc:1    | Entered Level 1 of the Orcish Mines
 26304 | Orc:1    | Noticed Harold
 26315 | Orc:1    | Noticed Sonja
 26508 | Orc:1    | Killed Sonja
 26514 | Orc:1    | Killed Harold
 26652 | Orc:1    | Found a roughly hewn altar of Beogh.
 26673 | Orc:1    | Noticed Maurice
 26676 | Orc:1    | Killed Maurice
 26688 | Orc:1    | Reached skill level 14 in Spellcasting
 26750 | Orc:1    | Noticed Erolcha
 26757 | Orc:1    | Killed Erolcha
 26999 | Orc:2    | Entered Level 2 of the Orcish Mines
 27083 | Orc:2    | Reached skill level 5 in Evocations
 27087 | Orc:2    | Reached skill level 10 in Conjurations
 27265 | Orc:2    | Found Lafoc's Food Shoppe.
 27364 | Orc:2    | Found a dark tunnel.
 27409 | Orc:2    | Found a runed translucent door.
 27410 | Orc:2    | Noticed hehateme's ghost (journeyman HOFi)
 27438 | Orc:2    | Found Zirghoall's General Store.
 27455 | Orc:2    | Reached XP level 15. HP: 70/89 MP: 11/33
 27609 | Orc:2    | Found Boeqatileo's Assorted Antiques.
 27616 | Orc:2    | Found Apejir's Antique Weapon Boutique.
 27619 | Orc:2    | Found Vuegeu's Book Boutique.
 27621 | Orc:2    | Bought a scroll of amnesia for 52 gold pieces
 27621 | Orc:2    | Bought a ration for 75 gold pieces
 27621 | Orc:2    | Bought a scroll of identify for 30 gold pieces
 27621 | Orc:2    | Bought a potion of curing for 45 gold pieces
 27626 | Orc:2    | Bought a pair of glowing gloves for 180 gold pieces
 27626 | Orc:2    | Bought a granite ring for 120 gold pieces
 27921 | Orc:2    | Found a staircase to the Elven Halls.
 28542 | Orc:1    | Found Kulaup's Food Shoppe.
 28908 | Lair:3   | Reached skill level 15 in Spellcasting
 29039 | Lair:5   | Found a staircase to the Slime Pits.
 29629 | Snake:1  | Entered Level 1 of the Snake Pit
 29632 | Snake:1  | Offered knowledge of Fireball by Vehumet.
 30081 | Snake:1  | Reached skill level 1 in Fighting
 30419 | Snake:1  | Paralysed by a naga sharpshooter for 5 turns
 30426 | Snake:1  | Shot with a bolt by a naga sharpshooter

Illustrated notes

Levels and vault maps discovered:
D:1:      dpeg_arrival_another_circle, layout_basic
D:2:      layout_basic, serial_rivers, chequers_serial_rivers_micro_a,
          chequers_serial_rivers_micro_b, chequers_serial_rivers_room_b,
          chequers_serial_rivers_marsh, chequers_serial_rivers_micro_b
D:3:      layout_loops_cross, gammafunk_temple_overflow_pools,
          portal_sewer_entry_a, uniq_robin, uniq_natasha
D:4:      layout_cave_pools, minmay_temple_entry_antechambers, serial_shops,
          nicolae_shop_trees, first_ration, uniq_crazy_yiuf_cottage
D:5:      layout_cave_pods, nemelex_xobeh_ov_fountains_minmay
D:6:      layout_loops_cross, kennysheep_little_box, serial_glass,
          glass_columns_a, glass_columns_a, minmay_ruined_shrine, uniq_grinder
D:7:      layout_cave_pools, solitary_fountain, uniq_prince_ribbit1
D:8:      layout_cave_pools, lair_entry_dummy, st_stairs_1, grunt_ogre_cave
D:9:      layout_small_grid, orc_0_dummy, uniq_psyche
D:10:     layout_roguey
D:11:     layout_cave_pools
D:12:     layout_gridville, serial_shops, shop, corner_web_ring
D:13:     layout_gridville, skrybe_vaults_entry_preservation, basic_altar,
          nicolae_ru_awakened_eye
D:14:     layout_roguey
D:15:     hangedman_depths_entry_civil_slaughter, layout_irregular_city,
          chequers_serial_rivers_room_b, minmay_unpleasant_kobolds, uniq_azrael
Temple:   hc_temple_tempest_star
Lair:1:   layout_gridlike
Lair:2:   lemuel_slime, layout_small_grid, basic_altar, grunt_megastairs_3,
          lemuel_fruit_tree
Lair:3:   layout_regular_city, lemuel_oklob_altar, uniq_nergalle
Lair:4:   layout_cave_pods, minmay_shoals_entry_lonely_mermaid
Lair:5:   layout_long_grid, minmay_slime_entry_oklob_enclosed
Lair:6:   gammafunk_lair_ancient_temple, layout_loops_ring, uniq_snorg
Snake:1:  layout_rooms, serial_shops, nicolae_shop_crystal, shop_fountains,
          shop, nicolae_shop_behind_doors, hangedman_venom_bottle
Orc:1:    layout_caves, basic_altar, serial_shops, nicolae_shop_behind_doors,
          uniq_sonja, uniq_erolcha, uniq_harold, uniq_maurice
Orc:2:    st_orc_open, layout_diamond_mine, gammafunk_ghost_grave,
          nicolae_volcano_entry_two_sided, serial_shops, shop, mines3_lemuel

Skill      XL: |  1  2  3  4  5  6  7  8  9 10 11 12 13 14 15 |
---------------+----------------------------------------------+-----
Spellcasting   | 3 4 5 7 9 10 11 12 13 14 15 | 15.4
Conjurations   | 5 6 7 8 10 | 10.0
Translocations | 2 4 5 6 |  6.0
Staves         | 4 7 9 10 12 | 12.3
Ice Magic      | 5 8 9 |  9.8
Hexes          | 4 6 7 |  7.3
Shields        | 4 |  4.0
Charms         | 2 3 |  3.0
Transmutations | 2 3 |  3.0
Stealth        | 2 |  2.0
Dodging        | 2 |  2.7
Evocations     | 1 5 |  5.0
Fighting       | 2 |  2.0

Action                   |  1- 3 |  4- 6 |  7- 9 | 10-12 | 13-15 || total
-------------------------+-------+-------+-------+-------+-------++-------
Melee: Unarmed           |    37 |     7 |       |       |       ||    44
       Tailslap          |     1 |     1 |       |     4 |     5 ||    11
       Quarterstaff      |       |       |     3 |    42 |    30 ||    75
       Kick              |       |       |       |     3 |     6 ||     9
       Staff             |       |       |       |       |     8 ||     8
Throw: Boomerang         |       |       |       |       |     3 ||     3
 Cast: Magic Dart        |    45 |    66 |   125 |   185 |   220 ||   641
       Searing Ray       |    12 |    47 |    68 |   160 |   216 ||   503
       Iskenderun's Myst |       |     1 |    11 |    85 |   140 ||   237
       Irradiate         |       |       |       |    10 |     8 ||    18
       Metabolic Englaci |       |       |       |       |    34 ||    34
       Hailstorm         |       |       |       |       |    21 ||    21
       Iskenderun's Batt |       |       |       |       |    18 ||    18
       Ozocubu's Refrige |       |       |       |       |    10 ||    10
 Abil: Evoke Invisibilit |       |       |       |     1 |       ||     1
       Breathe Frost     |       |       |       |       |     1 ||     1
Evoke: Wand              |       |       |       |       |     2 ||     2
  Use: Scroll            |     8 |     1 |     5 |    25 |    14 ||    53
       Potion            |     2 |     2 |     3 |    10 |    10 ||    27
  Eat: Chunk             |     7 |     8 |    12 |    29 |    30 ||    86
       Ration            |       |       |       |       |     3 ||     3
Armor: Skin              |    16 |     7 |    15 |   100 |    68 ||   206
Dodge: Dodged            |    53 |    27 |    41 |   136 |   104 ||   361
Block: Buckler           |       |       |       |       |    25 ||    25
       Reflection        |       |       |       |       |     6 ||     6
